Map: [EWC] Alcyone

Players

Astrea - Winner!

  • Race: Protoss Protoss
  • Spawn Location: 7:00

ByuN

  • Race: Terran Terran
  • Spawn Location: 1:00

Event: Esports World Cup 2024

VOD

Have the link to the VOD?

Description

Time

  • Played on: Aug. 15, 2024, 11:27 a.m.
  • Length: 12:28

All games in this series

Show
View Real Time Build Order
Export as new Build Order

Astrea Protoss - Winner!

Build Orders: 1 Gate Expand, Blink Stalkers 

Get SALT Encoding   

  12  0:00  Probe  
  13  0:12  Probe  
  14  0:16  Pylon  
  14  0:24  Probe (Chrono Boost)  
  16  0:36  Gateway  
  16  0:37  Probe (Chrono Boost)  
  16  0:43  Probe (Chrono Boost)  
  16  0:44  Assimilator  
  17  0:51  Probe  
  18  1:03  Probe  
  19  1:19  Nexus  
  19  1:25  Cybernetics Core  
  19  1:28  Probe (Chrono Boost)  
  20  1:32  Assimilator  
  21  1:40  Probe (Chrono Boost)  
  21  1:43  Pylon  
  21  1:45  Probe (Chrono Boost)  
  22  1:54  Probe  
  22  2:00  Adept (Chrono Boost)  
  25  2:01  Warp Gate  
  25  2:07  Probe  
  26  2:12  Twilight Council  
  26  2:19  Probe  
  26  2:21  Stalker (Chrono Boost)  
  29  2:31  Probe x2  
  31  2:43  Probe x2  
  33  2:48  Blink  
  33  2:52  Shield Battery  
  33  2:55  Probe  
  33  2:58  Stalker (Chrono Boost)  
  36  3:00  Probe  
  37  3:07  Probe  
  37  3:08  Pylon  
  37  3:12  Probe  
  39  3:19  Probe  
  36  3:24  Probe  
  36  3:31  Probe  
  37  3:36  Robotics Facility  
  37  3:37  Probe  
  38  3:43  Probe  
  39  3:49  Pylon, Probe  
  39  3:50  Stalker  
  39  3:55  Gateway, Probe  
  42  4:01  Probe  
  44  4:08  Gateway, Probe  
  45  4:13  Stalker, Probe  
  48  4:20  Assimilator, Probe  
  48  4:22  Assimilator  
  48  4:23  Observer (Chrono Boost)  
  50  4:25  Probe  
  50  4:26  Pylon  
  51  4:32  Probe  
  51  4:35  Templar Archives  
  51  4:37  Stalker, Probe  
  55  4:44  Probe  
  55  4:45  Pylon  
  56  4:49  Probe  
  56  4:52  Observer  
  57  4:54  Stalker  
  57  4:56  Probe  
  61  5:01  Probe  
  62  5:08  Probe  
  62  5:10  Stalker x2  
  62  5:11  Charge  
  67  5:20  Nexus  
  67  5:22  Observer, Pylon, Psionic Storm  
  67  5:33  Gateway  
  67  5:35  Observer, Probe  
  67  5:36  Gateway, Probe  
  67  5:39  Gateway  
  67  5:42  Pylon  
  69  5:43  High Templar  
  69  5:49  Probe  
  72  5:51  Probe  
  72  5:56  High Templar  
  75  5:57  Zealot, Observer, Pylon  
  75  6:01  Probe  
  75  6:04  Probe  
  78  6:05  Observer  
  78  6:13  Shield Battery, Probe  
  78  6:16  High Templar, Probe  
  78  6:17  Zealot  
  83  6:25  Probe, Immortal (Chrono Boost)  
  84  6:28  Probe  
  84  6:29  Zealot x2  
  93  6:35  Zealot x2  
  93  6:36  Probe  
  93  6:37  Probe  
  99  6:41  Forge  
  99  6:49  Zealot x2  
  99  6:51  Zealot x2  
  98  7:18  Stalker x4  
  104  7:26  Probe  
  104  7:27  Probe x2  
  105  7:32  Protoss Ground Weapons Level 1 (Chrono Boost)  
  105  7:36  Pylon  
  97  7:38  Probe  
  97  7:39  Probe  
  97  7:41  Probe  
  96  7:45  Stalker x4, Pylon  
  96  7:50  Probe  
  105  7:51  Probe  
  105  7:53  Probe  
  105  7:54  Observer, Pylon  
  107  8:00  Immortal (Chrono Boost)  
  107  8:02  Probe  
  107  8:03  Probe  
  113  8:06  Probe  
  114  8:14  High Templar  
  114  8:15  Zealot x3, High Templar  
  114  8:18  Nexus  
  114  8:19  Probe  
  125  8:25  Pylon  
  125  8:26  Pylon  
  125  8:28  Gateway  
  125  8:29  Gateway  
  125  8:38  Shield Battery  
  125  8:43  Observer (Chrono Boost), Probe x3  
  125  8:46  Pylon  
  125  8:55  Probe x3, Pylon  
  125  9:00  Zealot x4, High Templar x2  
  140  9:07  Observer (Chrono Boost), Probe x2  
  140  9:08  Probe  
  143  9:11  Protoss Ground Weapons Level 2 (Chrono Boost)  
  143  9:18  Unknown  
  143  9:20  Probe x3  
  143  9:21  Forge  
  143  9:24  Shield Battery, Observer  
  146  9:25  Pylon  
  147  9:32  Zealot x5, Probe  
  147  9:38  Photon Cannon  
  156  9:42  Zealot, Observer (Chrono Boost)  
  156  9:43  Zealot  
  161  9:53  Pylon  
  161  9:58  Zealot x5  
  171  10:03  Pylon  
  171  10:04  Protoss Ground Armor Level 1 (Chrono Boost)  
  171  10:05  Pylon  
  171  10:06  Pylon  
  171  10:07  Pylon  
  171  10:10  Warp Prism (Chrono Boost)  
  171  10:12  Robotics Bay  
  171  10:13  Robotics Facility  
  170  10:27  Zealot x8  
  168  10:45  Observer (Chrono Boost)  
  168  10:47  High Templar x3  
  169  10:58  Nexus  
  169  11:00  Zealot x5  
  164  11:19  Colossus (Chrono Boost)  
  166  11:29  Colossus (Chrono Boost)  
  166  11:34  Zealot x8  
  166  11:38  Gateway  
  166  11:39  Gateway  
  180  11:42  Pylon  
  180  11:43  Gateway  
  180  11:45  Pylon  
  180  11:46  Gateway  
  180  11:48  Observer, Photon Cannon  
  174  12:09  Zealot x7  
  174  12:10  Zealot  
  174  12:14  Probe  
  185  12:17  Pylon  
Show
View Real Time Build Order
Export as new Build Order

ByuN Terran 

Build Orders:  

Get SALT Encoding   

  12  0:00  SCV  
  13  0:12  SCV  
  14  0:17  Supply Depot  
  14  0:24  SCV  
  15  0:38  SCV  
  15  0:39  Barracks  
  16  0:42  Refinery  
  16  0:50  SCV  
  16  0:52  Refinery  
  17  1:02  SCV  
  18  1:15  SCV  
  19  1:26  Barracks Reactor  
  19  1:28  Supply Depot, Orbital Command  
  19  1:39  Factory  
  19  1:55  SCV  
  20  2:02  Reaper x2  
  20  2:07  SCV  
  23  2:19  SCV  
  26  2:23  Hellion  
  26  2:26  Command Center  
  26  2:32  Supply Depot  
  26  2:34  Reaper  
  27  2:37  Reaper  
  27  2:40  SCV  
  29  2:45  Hellion  
  31  2:57  SCV  
  32  3:00  Barracks  
  32  3:06  Marine  
  32  3:08  Cyclone  
  32  3:09  Marine  
  32  3:10  SCV  
  35  3:22  SCV  
  35  3:24  Marine  
  35  3:27  Marine  
  36  3:34  SCV  
  37  3:42  Marine  
  37  3:44  Marine, Factory Tech Lab  
  37  3:46  Orbital Command  
  37  3:47  Bunker  
  38  3:48  SCV  
  38  3:51  Barracks Tech Lab  
  39  4:00  SCV  
  40  4:03  Siege Tank, Marine x2  
  40  4:09  Barracks  
  45  4:16  SCV x2  
  47  4:19  Marine, Stimpack  
  47  4:23  Supply Depot  
  48  4:26  Marine  
  48  4:29  SCV x2  
  51  4:40  Marine x2, Engineering Bay  
  51  4:41  SCV  
  51  4:45  SCV, Marine  
  56  4:48  Supply Depot  
  55  4:53  Factory Reactor  
  55  4:55  SCV  
  55  4:57  SCV  
  55  4:58  Starport  
  57  5:02  Marauder x2  
  57  5:06  Refinery  
  61  5:08  Terran Infantry Weapons Level 1  
  61  5:12  Supply Depot  
  62  5:15  SCV x2  
  62  5:16  Combat Shield  
  63  5:27  SCV x2  
  67  5:30  Marauder x2  
  67  5:35  Supply Depot  
  67  5:39  SCV  
  68  5:44  SCV  
  68  5:45  Supply Depot  
  68  5:47  Medivac x2  
  73  5:50  Marine x2  
  73  5:51  SCV  
  73  5:54  Marauder  
  78  5:58  Marauder  
  78  5:59  SCV  
  78  6:03  Concussive Shells  
  81  6:04  Supply Depot  
  81  6:05  Refinery  
  81  6:08  Factory Reactor  
  81  6:09  Marine x2  
  83  6:15  SCV x2  
  83  6:17  Marauder  
  87  6:19  Marauder  
  91  6:26  Supply Depot  
  91  6:30  Supply Depot  
  91  6:34  Marine x2  
  91  6:36  SCV x2  
  91  6:38  Marauder  
  95  6:40  Medivac x2  
  95  6:41  Marauder  
  99  6:51  Widow Mine  
  99  6:52  Widow Mine  
  103  6:55  Marine x2  
  103  6:57  Command Center  
  105  7:05  Marauder  
  106  7:10  Marauder  
  106  7:13  Widow Mine x2  
  110  7:21  SCV x2  
  110  7:22  Marine  
  112  7:24  Marine  
  113  7:33  SCV x2  
  112  7:39  Terran Infantry Armor Level 1  
  111  7:45  SCV x2, Marine, Marauder  
  111  7:46  Marauder  
  116  7:51  Supply Depot  
  116  7:52  Supply Depot  
  116  7:59  Marine  
  116  8:03  Marine  
  118  8:09  SCV x2, Marauder x2  
  118  8:11  Barracks  
  118  8:20  Orbital Command, Ghost Academy, Barracks  
  118  8:21  SCV  
  118  8:22  SCV  
  119  8:30  Marine x2  
  119  8:31  Marauder x2  
  119  8:32  Medivac  
  119  8:33  SCV  
  128  8:36  Medivac  
  128  8:38  SCV  
  131  8:45  SCV  
  131  8:48  Marine  
  124  8:49  SCV  
  124  8:51  SCV, Ghost x2  
  131  8:56  Supply Depot  
  131  8:57  Supply Depot  
  131  9:00  Marine  
  131  9:02  Barracks Reactor  
  132  9:03  SCV  
  132  9:04  SCV x2  
  132  9:07  Barracks Tech Lab  
  132  9:09  Widow Mine  
  137  9:11  Viking x2  
  137  9:14  Refinery x2  
  142  9:23  SCV x3  
  144  9:28  Command Center  
  144  9:32  Missile Turret  
  144  9:34  Ghost  
  144  9:35  Ghost x2  
  144  9:37  Marine x2  
  151  9:51  Widow Mine  
  151  9:52  Widow Mine  
  153  9:53  SCV  
  153  9:54  SCV x2, Armory  
  153  9:56  Engineering Bay  
  153  9:58  Marine  
  157  10:00  Marine  
  157  10:04  Marauder x3  
  164  10:10  Supply Depot  
  164  10:18  SCV  
  164  10:19  SCV  
  158  10:25  Marauder x3  
  147  10:32  Marine x3  
  147  10:35  Medivac x2  
  133  10:37  Widow Mine x2  
  133  10:40  Marine  
  130  10:46  Marine  
  130  10:47  SCV x2, Marauder x2  
  130  10:48  SCV  
  127  10:59  SCV  
  127  11:00  SCV x2  
  130  11:05  Marauder  
  130  11:08  Marauder x2  
  130  11:10  Medivac x2  
  130  11:11  Marine  
  137  11:12  SCV  
  131  11:25  Marine  
  131  11:26  Marine x2, Marauder  
  131  11:29  Marauder x2  
  131  11:30  Command Center  
  140  11:39  Marine  
  140  11:43  Marine  
  140  11:46  Medivac  
  140  11:47  Marauder, Medivac  
  145  11:51  Marauder x2  
  145  11:54  Marine x2  
Tags
 
Add a new tag
Caveats
  • Supply blocks, unpowered buildings, or Contaminate may cause inaccurate times.
  • Supply counts are checked every 10 seconds.